Map: [ESL] Alcyone

Players

Reynor

  • Race: Zerg Zerg
  • Spawn Location: 7:00

herO - Winner!

  • Race: Protoss Protoss
  • Spawn Location: 1:00

Event: ESL Spring 2024 Finals

VOD

Have the link to the VOD?

Description

Time

  • Played on: May 31, 2024, 3:50 p.m.
  • Length: 8:35

All games in this series

Show
View Real Time Build Order
Export as new Build Order

Reynor Zerg 

Build Orders: Hatch First 

Get SALT Encoding   

  12  0:00  Drone  
  13  0:12  Overlord  
  13  0:16  Drone  
  14  0:30  Drone x2  
  16  0:47  Hatchery  
  15  0:51  Drone  
  15  0:54  Drone  
  17  0:57  Drone  
  18  1:08  Extractor  
  17  1:13  Spawning Pool  
  17  1:16  Drone  
  17  1:19  Drone  
  18  1:27  Drone  
  19  1:38  Drone  
  20  1:49  Drone  
  21  1:59  Queen, Overlord  
  21  2:00  Drone, Queen  
  26  2:10  Zergling x2  
  26  2:11  Drone  
  28  2:21  Drone x2  
  30  2:25  Hatchery  
  29  2:31  Drone  
  29  2:32  Drone  
  31  2:42  Overlord  
  31  2:43  Queen  
  33  2:44  Zergling x2  
  34  2:54  Drone x2  
  36  3:00  Queen  
  36  3:04  Drone  
  36  3:05  Drone  
  40  3:06  Overlord  
  40  3:07  Drone x2  
  40  3:09  Drone  
  40  3:12  Drone  
  44  3:17  Roach Warren  
  44  3:18  Drone  
  44  3:24  Drone, Extractor  
  44  3:25  Drone  
  45  3:28  Drone  
  45  3:30  Lair  
  45  3:34  Overlord  
  46  3:37  Drone  
  46  3:38  Drone  
  48  3:43  Drone  
  48  3:44  Overlord  
  49  3:57  Roach x2  
  49  3:58  Roach x2  
  49  4:01  Spore Crawler  
  49  4:02  Roach  
  58  4:03  Evolution Chamber  
  58  4:04  Roach  
  58  4:07  Roach  
  58  4:09  Overlord  
  61  4:12  Roach  
  61  4:16  Roach  
  65  4:18  Drone  
  66  4:27  Overlord  
  66  4:28  Overlord  
  66  4:31  Overlord  
  66  4:33  Drone x3  
  69  4:39  Glial Reconstitution  
  69  4:40  Drone x3  
  69  4:44  Drone x2  
  74  4:47  Overlord  
  74  4:51  Drone x3  
  77  4:54  Drone  
  77  4:58  Zerg Missile Weapons Level 1  
  77  5:02  Drone x4  
  77  5:06  Drone  
  79  5:09  Drone x2  
  79  5:10  Extractor  
  79  5:12  Extractor  
  79  5:15  Drone x4  
  79  5:17  Overlord  
  79  5:18  Drone  
  79  5:19  Overseer  
  79  5:21  Drone  
  85  5:22  Drone  
  85  5:25  Drone x2  
  88  5:31  Spore Crawler  
  88  5:33  Drone x2  
  88  5:35  Drone  
  84  5:43  Roach  
  84  5:46  Roach x7  
  100  5:55  Overlord  
  99  6:00  Drone x2  
  99  6:01  Spore Crawler  
  97  6:05  Drone  
  97  6:08  Drone x2  
  100  6:13  Drone  
  100  6:14  Drone x3  
  100  6:15  Ravager x2, Infestation Pit  
  100  6:16  Drone, Ravager  
  100  6:17  Drone  
  111  6:18  Drone x2  
  111  6:19  Drone  
  111  6:22  Extractor x2  
  110  6:28  Overlord  
  110  6:29  Drone  
  110  6:30  Drone  
  109  6:36  Hatchery  
  102  6:41  Overlord  
  102  6:42  Drone  
  102  6:43  Drone x2  
  102  6:45  Drone x5  
  106  6:50  Overlord  
  97  6:56  Hydralisk Den  
  97  6:57  Roach x2  
  97  7:01  Queen, Roach  
  93  7:06  Roach x2  
  97  7:10  Roach  
  97  7:11  Roach x2  
  97  7:12  Roach x3  
  97  7:13  Ravager, Roach  
  97  7:14  Queen x2  
  113  7:18  Roach x2  
  114  7:26  Roach  
  114  7:29  Roach x2  
  109  7:34  Roach  
  91  7:39  Ravager x2  
  91  7:42  Zergling x8, Roach x2  
  94  7:46  Roach x2  
  94  7:53  Roach  
  94  7:55  Queen  
  94  7:57  Zergling x2, Roach  
  97  8:04  Roach  
  97  8:05  Roach x2  
  89  8:08  Roach  
  89  8:09  Zergling x2  
  89  8:12  Roach x3  
  85  8:14  Roach  
  85  8:18  Ravager  
Show
View Real Time Build Order
Export as new Build Order

herO Protoss - Winner!

Build Orders: 1 Gate Expand 

Get SALT Encoding   

  12  0:00  Probe  
  13  0:12  Probe  
  14  0:18  Pylon  
  14  0:24  Probe (Chrono Boost)  
  15  0:29  Assimilator  
  15  0:37  Probe (Chrono Boost)  
  16  0:44  Probe (Chrono Boost)  
  16  0:46  Gateway  
  17  0:51  Probe  
  18  1:03  Probe  
  19  1:16  Probe  
  20  1:23  Nexus  
  20  1:33  Cybernetics Core  
  20  1:35  Probe  
  21  1:41  Assimilator  
  21  1:48  Probe  
  21  1:51  Pylon  
  22  2:00  Probe (Chrono Boost)  
  23  2:09  Warp Gate, Adept  
  23  2:12  Probe (Chrono Boost)  
  26  2:17  Twilight Council  
  26  2:20  Probe (Chrono Boost)  
  27  2:26  Probe (Chrono Boost)  
  28  2:33  Robotics Facility  
  29  2:38  Probe (Chrono Boost)  
  29  2:40  Probe (Chrono Boost)  
  30  2:45  Probe (Chrono Boost)  
  30  2:47  Probe (Chrono Boost)  
  30  2:50  Stalker  
  34  2:52  Probe  
  34  2:56  Probe  
  36  3:07  Gateway  
  36  3:08  Probe  
  37  3:12  Gateway  
  37  3:17  Gateway, Resonating Glaives (Chrono Boost)  
  37  3:27  Warp Prism (Chrono Boost)  
  39  3:32  Probe  
  40  3:34  Probe  
  40  3:38  Pylon  
  41  3:44  Probe  
  41  3:46  Probe  
  43  3:49  Pylon  
  43  3:55  Observer  
  43  3:56  Probe  
  43  3:58  Adept, Probe  
  43  4:01  Adept  
  50  4:09  Adept, Probe  
  53  4:10  Assimilator, Adept, Probe  
  53  4:14  Pylon  
  56  4:18  Immortal (Chrono Boost)  
  60  4:25  Probe  
  60  4:29  Forge  
  61  4:47  Adept  
  61  4:51  Immortal (Chrono Boost)  
  61  4:52  Blink  
  65  4:53  Pylon  
  64  5:05  Probe x2  
  66  5:07  Nexus  
  66  5:12  Shield Battery  
  66  5:15  Sentry x2  
  66  5:17  Probe  
  66  5:18  Probe  
  72  5:27  Immortal (Chrono Boost)  
  76  5:29  Probe  
  76  5:30  Probe  
  74  5:37  Protoss Ground Weapons Level 1 (Chrono Boost)  
  74  5:41  Probe (Chrono Boost)  
  74  5:42  Assimilator, Probe (Chrono Boost)  
  76  5:47  Gateway  
  76  5:48  Gateway  
  76  5:53  Probe x2 (Chrono Boost)  
  76  5:54  Pylon  
  78  6:00  Probe x2  
  78  6:09  Adept  
  78  6:12  Immortal (Chrono Boost)  
  78  6:13  Adept  
  78  6:16  Probe x2  
  86  6:19  Probe  
  86  6:24  Stalker x2, Pylon  
  91  6:33  Stalker  
  91  6:34  Stalker  
  87  6:47  Stalker x3  
  87  6:48  Probe x2, Immortal (Chrono Boost)  
  97  7:08  Pylon x2  
  97  7:09  Pylon  
  97  7:11  Stalker x2  
  97  7:14  Pylon  
  101  7:16  Robotics Bay  
  101  7:21  Forge  
  101  7:23  Pylon  
  101  7:29  Stalker x2  
  99  7:30  Stalker  
  99  7:31  Zealot  
  99  7:32  Probe x3  
  100  7:41  Zealot x2  
  100  7:44  Probe x3  
  111  7:52  Zealot x4  
  111  7:57  Assimilator  
  111  8:07  Probe x3  
  111  8:11  Zealot x2  
  112  8:15  Stalker x3  
  112  8:18  Zealot  
Tags
 
Add a new tag
Caveats
  • Supply blocks, unpowered buildings, or Contaminate may cause inaccurate times.
  • Supply counts are checked every 10 seconds.